 Dungeon Crawl Stone Soup version 0.29-a0-925-g0a7a3d12f8 (webtiles) character file.

Game seed: 4139925786893716865

68 nicolae the Changer (level 4, -1/28 HPs)
             Began as an Octopode Transmuter on July 28, 2022.
             Slain by a gnoll
             ... wielding a +0 spear
              (5 damage)
             ... on level 3 of the Dungeon.
             The game lasted 00:02:50 (2745 turns).

nicolae the Changer (Octopode Transmuter)           Turns: 2745, Time: 00:02:51

Health: -1/28      AC:  1    Str:  9    XL:     4   Next: 19%
Magic:  7/7        EV: 13    Int: 17    God:
Gold:   64         SH:  0    Dex: 12    Spells: 1/7 levels left

rFire   . . .      SeeInvis +     - Unarmed
rCold   . . .      Faith    .   (no shield)
rNeg    . . .      Spirit   .   (helmet currently unavailable)
rPois   .          Reflect  .   d - amulet of the acrobat
rElec   .          Harm     .   m - ring of see invisible
rCorr   .          Rampage  .   (no ring)
Will    .....                   (no ring)
Stlth   ++........              (no ring)
HPRegen 0.09/turn               (no ring)
MPRegen 0.10/turn               (no ring)
                                (no ring)
                                (no ring)

@: appendages
A: tentacle spike 3, almost no armour, amphibious, 8 rings, camouflage 1,
gelatinous body 1, (nimble swimmer 1), tentacles
a: End Transformation


You were on level 3 of the Dungeon.
One of your tentacles had grown a beastly spike.
You visited 1 branch of the dungeon, and saw 3 of its levels.

You collected 86 gold pieces.
You spent 22 gold pieces at shops.

Inventory:

Missiles
 q - 8 poisoned darts
Jewellery
 d - an amulet of the acrobat (around mantle)
 m - a ring of see invisible (left tentacle)
Scrolls
 c - a scroll of enchant armour {unknown}
 e - a scroll of summoning {unknown}
 g - a scroll of noise {unknown}
 h - a scroll of enchant weapon {unknown}
 j - 2 scrolls of butterflies {unknown}
 k - a scroll of silence {unknown}
 n - a scroll of magic mapping {unknown}
 o - a scroll of acquirement {unknown}
Potions
 a - a potion of lignification
 b - a potion of resistance {unknown}
 f - a potion of attraction {unknown}
 i - 2 potions of curing
 l - a potion of magic {unknown}
 p - a potion of haste {unknown}


   Skills:
 - Level 1.0 Fighting
 - Level 2.0 Dodging
 - Level 3.0 Unarmed Combat
 - Level 2.0 Spellcasting
 + Level 4.3 Transmutations


You had one spell level left.
You knew the following spells:

 Your Spells              Type           Power      Damage    Failure   Level
a - Beastly Appendage     Tmut           32%        N/A       3%          1
b - Wereblood             Tmut           16%        N/A       4%          2
c - Spider Form           Tmut/Pois      9%         N/A       24%         3

Your spell library contained the following spells:

 Spells                   Type           Power      Damage    Failure   Level
 Passwall                 Tmut/Erth      7%         N/A       12%         2
 Ensorcelled Hibernation  Hex/Ice        2%         N/A       28%         2
 Swiftness                Air            1%         N/A       50%         3
 Ice Form                 Ice/Tmut       9%         N/A       61%         4


Dungeon Overview and Level Annotations

Branches:
Dungeon (3/15)

Altars:

Shops:
D:1 *


Innate Abilities, Weirdness & Mutations

One of your tentacles has grown a beastly spike.
You cannot wear most types of armour.
You are amphibious.
You can wear up to eight rings at the same time.
Your skin changes colour to match your surroundings (Stealth+).
Your rubbery body absorbs attacks. (AC +1, EV +1)
((You are camouflaged when in or above water. (Stealth+)))
You have tentacles for arms and can constrict up to eight enemies at once.


Message History

You tentacle-slap the gnoll but do no damage.
You grab the gnoll.
You pierce the gnoll, but do no damage.
The gnoll is moderately wounded.
You constrict the gnoll, but do no damage.
The gnoll hits you with a +0 whip!
* * * LOW HITPOINT WARNING * * *
You tentacle-slap the gnoll but do no damage.
You pierce the gnoll.
You squeeze the gnoll!
You kill the gnoll!
You have reached level 4!
You feel better. The gnoll closely misses you.
You feel better. The gnoll barely misses you.
The gnoll hits you from afar with a +0 spear.
You tentacle-slap the gnoll. You grab the gnoll.
The gnoll is moderately wounded.
You constrict the gnoll. The gnoll hits you with a +0 whip.
You tentacle-slap the gnoll.
You pierce the gnoll, but do no damage.
The gnoll is severely wounded.
You constrict the gnoll. The gnoll closely misses you.
The gnoll barely misses you.
You tentacle-slap the gnoll.
You kill the gnoll!
The gnoll hits you from afar with a +0 spear.
The gnoll completely misses you.
Things that are here:
a +0 whip; a +0 whip You closely miss the gnoll.
You grab the gnoll.
You pierce the gnoll.
You squeeze the gnoll, but do no damage.
The gnoll is moderately wounded.
You constrict the gnoll. The gnoll closely misses you.
You tentacle-slap the gnoll.
You pierce the gnoll, but do no damage.
Your tentacle-slap misses the gnoll.
The gnoll is heavily wounded.
You constrict the gnoll. The gnoll hits you with a +0 spear.
* * * LOW HITPOINT WARNING * * *
You tentacle-slap the gnoll.
You pierce the gnoll, but do no damage.
The gnoll is severely wounded.
You constrict the gnoll, but do no damage.
The gnoll hits you with a +0 spear.
You die...

......#.. ... ...>#.#
#.##.... #....###
#.P...... #.....#
#.....?≈≈
#.÷...###....♣≈≈≈
#..#........≈≈≈≈≈
..####.#...†...≈≈≈≈≈≈
....##.#.......≈≈≈≈≈≈
.......#.....@g..≈≈≈≈
#..<....(.....#....≈≈≈
...........#.##....≈≈≈
.................≈≈≈. .#
...##...........≈≈≈. .#
##.###..........P..P .##
#....#..............
..###....#÷.............
...................


You could see a gnoll.

Vanquished Creatures
  2 gnolls (D:3)
  An adder (D:3)
  A worm (D:2)
  A dart slug (D:3)
  3 endoplasms (D:1)
  A giant cockroach (D:3)
  4 goblins
  6 hobgoblins
  3 quokkas
  2 ball pythons
  3 bats
  A frilled lizard (D:3)
  A kobold (D:3)
  4 rats
33 creatures vanquished.

Vanquished Creatures (others)
  4 plants (D:3)
4 creatures vanquished.

Grand Total: 37 creatures vanquished

Notes
Turn   | Place    | Note
-------+----------+-------------------------------------------
     0 | D:1      | nicolae the Octopode Transmuter began the quest for the
                  | Orb.
     0 | D:1      | Reached XP level 1. HP: 13/13 MP: 3/3
   477 | D:1      | Reached XP level 2. HP: 16/18 MP: 3/5
   490 | D:1      | Learned a level 2 spell: Wereblood
   629 | D:1      | Reached skill level 3 in Transmutations
   912 | D:1      | Found Maelanuf's Assorted Antiques.
   915 | D:1      | Bought a scroll labelled MAFUIH NEABBYEMODD for 22 gold
                  | pieces
  1370 | D:2      | Reached XP level 3. HP: 23/23 MP: 4/6
  1392 | D:2      | Learned a level 3 spell: Spider Form
  2177 | D:3      | Identified the +0 robe of the Blind Marksman {*Slow Dex+9
                  | Slay-2 SInv}
  2651 | D:3      | Reached skill level 4 in Transmutations
  2735 | D:3      | HP: 1/23 [gnoll/+0 whip (9)]
  2737 | D:3      | Reached XP level 4. HP: 2/28 MP: 7/7
  2745 | D:3      | Slain by a gnoll

Illustrated notes

Levels and vault maps discovered:
D:1:      giann_horns, layout_loops_corners, serial_shops,
          nicolae_shop_behind_doors
D:2:      layout_rooms
D:3:      layout_rooms, basic_ecumenical_altar, serial_park_tiny_pond,
          glass_columns_a, guppyfry_early_lair_pool

Skill      XL: |  1  2  3 |
---------------+----------+-----
Transmutations | 3 4 |  4.3
Fighting       | |  1.0
Dodging        | |  2.0
Unarmed Combat | |  3.0
Spellcasting   | |  2.0

Action                   |  1- 3 |  4- 6 || total
-------------------------+-------+-------++-------
Melee: Unarmed           |    89 |     6 ||    95
       Kick              |    18 |     4 ||    22
       Constrict         |    16 |     2 ||    18
       Tentacles         |    15 |     1 ||    16
       Punch             |     2 |       ||     2
 Cast: Beastly Appendage |    16 |       ||    16
  Use: Potion            |     1 |     2 ||     3
 Stab: Sleeping          |     2 |       ||     2
Armor: Skin              |     7 |       ||     7
Dodge: Dodged            |    76 |     6 ||    82

Table legend: (Time is in decaauts)
 A = Elapsed time spent in this place.
 B = Non-inter-level travel time spent in this place.
 C = Inter-level travel time spent in this place.
 D = Time resting spent in this place.
 E = Time spent auto-exploring this place.
 F = Levels seen in this place.
 G = Mean time per level.
                   A        B        C        D        E       F      G
               +--------+--------+--------+--------+--------+-----+--------+
         Total |   2738 |   2680 |     58 |    769 |   1613 |   3 |  912.7 |
       Dungeon |   2738 |   2680 |     58 |    769 |   1613 |   3 |  912.7 |
               +--------+--------+--------+--------+--------+-----+--------+

Top non-repeatable levels by time:
     D:1: 1360 daAuts
     D:2: 790 daAuts
     D:3: 587 daAuts
